 Dungeon Crawl Stone Soup version 0.27.1 (webtiles) character file.

Game seed: 17875527306107595948

138231 shadowrider38 the Warrior (level 17, 0/115 HPs)
             Began as a Kobold Berserker on Aug 25, 2021.
             Was a High Priest of Trog.
             Killed by the raging water
             ... invoked by a water nymph
              (17 damage)
             ... on level 2 of the Shoals.
             The game lasted 01:19:34 (41693 turns).

shadowrider38 the Warrior (Kobold Berserker)       Turns: 41693, Time: 01:19:35

Health: 0/115      AC: 30    Str: 20    XL:     17   Next: 85%
Magic:  17/17      EV: 10    Int:  9    God:    Trog [*****.]
Gold:   1840       SH:  0    Dex: 15    Spells: 16/16 levels left

rFire    . . .     SeeInvis .   a - +12 lajatang "Iguolod" {vorpal, rElec}
rCold    + + .     Faith    +   (shield currently unavailable)
rNeg     . . .     Spirit   .   K - +1 plate armour {rPois}
rPois    +         Reflect  .   N - +2 hat
rElec    +         Harm     .   (no cloak)
rCorr    .         Rampage  .   q - +2 pair of gloves
Will     +++..                  y - +2 pair of boots
Stlth    ..........             U - amulet of faith
HPRegen  1.29/turn              W - ring of flight
MPRegen  0.15/turn              e - ring of Fearrito {rC++ AC+4}

@: strong-willed, unable to read, flying, regenerating
A: small, no large weapons, nightstalker 3, horns 1, inability to read while
threatened
a: Renounce Religion, Berserk, Trog's Hand, Brothers in Arms


You were on level 2 of the Shoals.
You worshipped Trog.
Trog was extremely pleased with you.
You visited 5 branches of the dungeon, and saw 26 of its levels.

You collected 2516 gold pieces.
You spent 676 gold pieces at shops.

Inventory:

Hand Weapons
 a - the +12 lajatang "Iguolod" (weapon) {vorpal, rElec}
   (You acquired it on level 4 of the Lair of Beasts)

   It inflicts extra damage upon your enemies.
   rElec:     It insulates you from electricity.
 b - a +0 arbalest
 j - a +4 vampiric lajatang
 Z - the +7 lajatang of Order {silver, rMut}
   (You acquired it on level 9 of the Dungeon)

   It inflicts extra damage upon those it strikes, and deals substantially
   increased damage to chaotic, mutated and magically transformed beings.
   rMut:      It protects you from mutation.
Missiles
 f - 122 bolts
 g - a throwing net
 v - 58 boomerangs (quivered)
Armour
 k - a +0 plate armour of cold resistance
 q - a +2 pair of gloves (worn)
 y - a +2 pair of boots (worn)
 K - a +1 plate armour of poison resistance (worn)
 N - a +2 hat (worn)
 X - +0 fire dragon scales
Jewellery
 e - the ring of Fearrito (right hand) {rC++ AC+4}
   (You found it on level 4 of the Dungeon)

   [ring of protection]

   AC:        It affects your AC (+4).
   rC:        It greatly protects you from cold.
 A - the amulet of Caogroqi {Reflect Harm Str+5 SH+5}
   (You found it on level 7 of the Dungeon)

   [amulet of reflection]

   It reflects blocked missile attacks.
   Str:       It affects your strength (+5).
   SH:        It affects your SH (+5).
   Harm:      It increases damage dealt and taken.
 I - the ring of the Ban {rPois Str+5}
   (You found it on level 9 of the Dungeon)

   [ring of poison resistance]

   Str:       It affects your strength (+5).
   rPois:     It protects you from poison.
 P - a ring of willpower
 S - a ring of magical power
 U - an amulet of faith (around neck)
 W - a ring of flight (left hand)
Wands
 p - a wand of charming (7)
 B - a wand of acid (29)
 D - a wand of flame (48)
 F - a wand of iceblast (52)
 O - a wand of digging (10)
 Y - a wand of paralysis (9)
Scrolls
 c - 2 scrolls of noise
 d - 10 scrolls of enchant weapon
 h - 7 scrolls of teleportation
 r - 5 scrolls of blinking
 s - a scroll of summoning
 t - 4 scrolls of vulnerability
 w - 4 scrolls of amnesia
 x - a scroll of brand weapon
 E - 4 scrolls of magic mapping
 H - 2 scrolls of silence
 M - 3 scrolls of fear
 Q - 2 scrolls of fog {unknown}
 T - 6 scrolls of immolation {unknown}
Potions
 i - 7 potions of lignification
 l - 8 potions of heal wounds
 m - 3 potions of magic
 n - a potion of cancellation
 o - 4 potions of might
 u - 9 potions of curing
 C - 4 potions of brilliance
 G - 6 potions of attraction
 J - 2 potions of berserk rage
 R - a potion of invisibility
Miscellaneous
 z - a piece from Xom's chessboard (15/15)
 L - a tin of tremorstones (2/2)


   Skills:
 - Level 16.1 Fighting
 - Level 4.8 Short Blades
 - Level 9.5(12.3) Maces & Flails
 - Level 12.9(14.0) Staves
 + Level 13.2 Crossbows
 - Level 13.3 Armour
 - Level 2.4 Dodging


You had 16 spell levels left.
You didn't know any spells.
Your spell library was empty.

Dungeon Overview and Level Annotations

Branches:
Dungeon (15/15)            Temple (1/1) D:7            Lair (6/6) D:9
 Shoals (2/4) Lair:3       Spider (0/4) Lair:3        Slime (0/5) Lair:5
    Orc (2/2) D:10            Elf (0/3) Orc:2        Vaults (0/5) D:14
 Depths (0/5) D:15

Altars:
Ashenzari
Cheibriados
Dithmenos
Elyvilon
Fedhas
Gozag
Hepliaklqana
Kikubaaqudgha
Makhleb
Nemelex Xobeh
Okawaru
Qazlal
Ru
Sif Muna
Trog
Uskayaw
Vehumet
Wu Jian
Xom
Yredelemnul
Zin
The Shining One
Jiyva

Shops:
D:9 *:?   Orc:2 !=!(

Portals:
Pandemonium: Orc:2


Innate Abilities, Weirdness & Mutations

You are small and have problems with some larger weapons.
You are completely attuned to the shadows.
You have a pair of small horns on your head.
You sometimes lose the ability to read scrolls when taking damage.


Message History

Trog accepts your kill.
You see here a sea snake corpse.
You now have 1822 gold pieces (gained 24).
You see here a +0 giant spiked club.
You now have 1840 gold pieces (gained 18).
A merfolk comes into view. It is wielding a +0 trident.
The merfolk shouts!
You hear a bleat!
A merfolk is nearby!
A merfolk is nearby!
A merfolk is nearby!
The merfolk hits you but does no damage.
The merfolk hits you but does no damage.
You miss the merfolk. The merfolk hits you with a +0 trident!
You slice the merfolk!!
The merfolk is heavily wounded.
The merfolk hits you but does no damage.
You slash the merfolk! You headbutt the merfolk.
The merfolk is severely wounded.
A water nymph comes into view.
The water nymph shouts!
You hit the merfolk.
The merfolk is almost dead.
The merfolk hits you with a +0 trident!
The water nymph gestures at you while chanting.
The water rises up and strikes you!!
You feel threatened and lose the ability to read scrolls!
You hit the merfolk. You headbutt the merfolk.
The merfolk is almost dead.
The merfolk hits you but does no damage.
You slash the merfolk!
You kill the merfolk!
Trog accepts your kill. The water nymph casts a spell at you.
The water rises up and strikes you!!!
* * * LOW HITPOINT WARNING * * *
Your skin crawls.
You feel strong-willed. The water nymph casts a spell at you.
The water rises up and strikes you!
You die...

..≈≈.....≈≈≈.≈≈≈≈.....#...
....≈.....≈≈≈...≈........
........ ##..≈.......
....... .#.....≈≈≈≈≈
....... ......≈≈≈≈≈
..####. .....≈≈≈≈≈≈ ...##
.≈≈....≈≈≈≈≈≈..
≈...####.≈≈..≈≈≈≈≈≈..
≈.....##.≈≈≈≈≈..@≈...
.........≈≈≈≈≈..≈)...
.≈≈.†....≈≈≈≈≈≈≈≈...#
.≈....≈...≈≈≈≈≈≈≈..≈#
.....≈≈###≈≈≈≈≈≈≈...m
≈.....≈.##≈≈≈≈≈
...≈..≈...≈≈≈≈≈
..≈≈≈..≈≈≈≈≈≈≈≈
..≈≈≈≈≈≈≈≈≈≈≈≈≈


You could see a water nymph.

Vanquished Creatures
  Agnes (D:15)
  Kirke (D:12)
  A fire giant (D:15)
  An orc warlord (D:10)
  2 very ugly things
  The ghost of Konebred the Thaumaturge, a journeyman GnWn of Yredelemnul (Lair:3)
  An ettin (Orc:2)
  Josephine (Lair:4)
  2 fire dragons
  Fannar (Lair:1)
  A catoblepas (D:13)
  2 ogre magi (D:15)
  11 hydras
  2 centaur warriors
  4 boulder beetles
  An alligator snapping turtle (Shoals:1)
  A tengu warrior (D:13)
  A merfolk avatar (Shoals:1)
  10 two-headed ogres
  5 death yaks
  6 orc high priests (Orc:2)
  A soul eater (Orc:2)
  A fire crab (shapeshifter) (D:13)
  An infernal demonspawn (Orc:2)
  5 sea snakes
  A gelid demonspawn (Orc:2)
  A lindwurm (Lair:6)
  An obsidian statue (D:13)
  4 deep elf pyromancers
  4 wizards (D:14)
  5 orc knights (Orc:2)
  4 orc sorcerers (Orc:2)
  8 fauns (Shoals:1)
  4 manticores
  2 oklob plants
  6 ugly things
  5 cyclopes
  A rust devil (Orc:2)
  3 water nymphs
  A merfolk siren (Shoals:1)
  12 black mambas
  3 molten gargoyles (Lair:6)
  A smoke demon (Orc:2)
  A cane toad (shapeshifter) (D:8)
  8 cane toads
  2 rime drakes
  A kobold demonologist (D:11)
  A freezing wraith (D:14)
  A komodo dragon (shapeshifter) (D:14)
  17 komodo dragons
  An ice devil (Orc:2)
  A red devil (Orc:2)
  2 tengu conjurers (D:13)
  5 merfolk
  A meliai (shapeshifter) (D:14)
  A troll (shapeshifter) (D:15)
  3 polar bears
  11 trolls
  10 slime creatures
  4 wind drakes
  A hornet (D:9)
  25 blink frogs
  4 snapping turtles
  A spriggan (D:12)
  A shadow (D:13)
  5 water elementals
  A ynoxinul (Orc:2)
  3 redbacks
  3 vampires
  7 wyverns
  2 hogs (D:12)
  4 wraiths
  The ghost of SkeletonJelly the Slasher, an amateur DrMo of Fedhas (D:4)
  4 basilisks
  52 yaks
  3 steam dragons
  6 vampire mosquitoes
  Menkaure (D:7)
  2 wargs
  A warg (shapeshifter) (D:13)
  An acid dragon (D:11)
  7 water moccasins
  5 hell hounds (Lair:6)
  37 orc warriors
  A sky beast (D:6)
  3 black bears
  8 ogres
  7 wolves
  2 boggarts (D:14)
  6 centaurs
  4 necrophages
  2 kobold brigands
  2 phantoms
  18 bullfrogs
  3 scorpions
  4 killer bees (D:9)
  11 wights
  7 electric eels
  4 howler monkeys
  5 lava snakes (Lair:6)
  6 centaur zombies
  3 hounds
  25 orc priests
  3 centaur skeletons
  A gnoll shaman (D:3)
  20 orc wizards
  2 iguanas
  A killer bee zombie (D:8)
  A hound zombie (D:5)
  A mummy (D:8)
  2 howler monkey zombies
  A howler monkey skeleton (D:5)
  8 gnolls
  6 adders
  A white imp (D:6)
  A worm (D:3)
  3 dart slugs
  66 orcs
  8 endoplasms
  2 giant cockroaches
  8 goblins
  5 hobgoblins
  4 jackals
  2 quokkas
  6 ball pythons
  4 bats
  3 frilled lizards
  8 kobolds
  4 rats
669 creatures vanquished.

Vanquished Creatures (collateral kills)
  A boulder beetle (D:14)
  2 hydras (D:14)
  An ugly thing (D:14)
  A cyclops (D:14)
  A manticore (D:14)
  A freezing wraith (D:14)
  2 boggarts (D:14)
9 creatures vanquished.

Vanquished Creatures (others)
  A human (D:12)
  A kobold (D:8)
  24 fungi
  55 plants
81 creatures vanquished.

Grand Total: 759 creatures vanquished

Notes
Turn   | Place    | Note
-------+----------+-------------------------------------------
     0 | D:1      | shadowrider38 the Kobold Berserker began the quest for the
                  | Orb.
     0 | D:1      | Reached XP level 1. HP: 14/14 MP: 1/1
   259 | D:1      | Reached XP level 2. HP: 19/19 MP: 2/2
   923 | D:1      | Reached XP level 3. HP: 24/24 MP: 3/3
  1369 | D:2      | Reached skill level 4 in Fighting
  1389 | D:2      | Found a faded altar of an unknown god.
  1485 | D:2      | Reached skill level 1 in Maces & Flails
  1485 | D:2      | Reached XP level 4. HP: 29/29 MP: 4/4
  1651 | D:2      | Reached ** piety under Trog
  3590 | D:4      | Noticed a phantom
  3597 | D:3      | Reached XP level 5. HP: 31/34 MP: 5/5
  3627 | D:3      | Killed a phantom
  3628 | D:3      | Reached skill level 5 in Fighting
  3633 | D:3      | Reached XP level 6. HP: 40/40 MP: 6/6
  3941 | D:4      | Identified the ring of Fearrito {rC++ AC+4}
  4078 | D:4      | Found a runed translucent gate.
  4078 | D:4      | Found a runed translucent gate.
  4079 | D:4      | Found a runed translucent gate.
  4120 | D:4      | Noticed a black bear
  4128 | D:4      | Killed a black bear
  4129 | D:4      | Reached skill level 6 in Fighting
  4129 | D:4      | Reached XP level 7. HP: 38/46 MP: 7/7
  4418 | D:4      | Reached *** piety under Trog
  4440 | D:4      | Found a shimmering blue altar of Sif Muna.
  4449 | D:4      | Found an opulent altar of Gozag.
  4714 | D:4      | Noticed SkeletonJelly's ghost (amateur DrMo)
  4723 | D:4      | Killed SkeletonJelly's ghost
  4724 | D:4      | Reached skill level 7 in Fighting
  4774 | D:5      | Entered Level 5 of the Dungeon
  5019 | D:5      | Reached XP level 8. HP: 53/53 MP: 8/8
  5257 | D:5      | Reached skill level 5 in Maces & Flails
  5443 | D:5      | Reached skill level 8 in Fighting
  6280 | D:6      | Reached XP level 9. HP: 57/60 MP: 9/9
  6376 | D:6      | Reached skill level 9 in Fighting
  7045 | D:6      | Reached skill level 10 in Fighting
  7477 | D:7      | Reached **** piety under Trog
  7599 | D:7      | Found a staircase to the Ecumenical Temple.
  7609 | D:7      | Noticed Menkaure
  7618 | D:7      | Killed Menkaure
  7619 | D:7      | Reached skill level 11 in Fighting
  7674 | D:7      | Identified the amulet of Caogroqi {Reflect Harm Str+5 SH+5}
  8123 | D:7      | Found a radiant altar of Vehumet.
  8276 | Temple   | Entered the Ecumenical Temple
  8497 | D:8      | Reached XP level 10. HP: 70/70 MP: 10/10
  8920 | D:7      | Reached skill level 12 in Fighting
  9250 | D:8      | Reached skill level 13 in Fighting
  9604 | D:8      | Noticed a cane toad
  9613 | D:8      | Killed a cane toad
 10471 | D:9      | Noticed a komodo dragon
 10492 | D:9      | Killed a komodo dragon
 10492 | D:9      | Reached ***** piety under Trog
 10583 | D:9      | Found a staircase to the Lair.
 10591 | D:9      | Reached skill level 14 in Fighting
 10596 | Lair:1   | Entered Level 1 of the Lair of Beasts
 10596 | Lair:1   | Noticed a komodo dragon
 10782 | D:9      | Reached XP level 11. HP: 80/80 MP: 11/11
 10798 | D:9      | Received a gift from Trog
 11028 | D:9      | Noticed a two-headed ogre
 11037 | D:9      | Killed a two-headed ogre
 11452 | D:9      | Identified the ring of the Ban {rPois Str+5}
 11599 | D:9      | Found Hacveecos's Book Emporium.
 11649 | D:9      | Found Adukh's Magic Scroll Boutique.
 11857 | D:9      | Found Moimeud's General Store.
 11932 | D:10     | Entered Level 10 of the Dungeon
 12152 | D:10     | Noticed a two-headed ogre
 12190 | D:10     | Killed a two-headed ogre
 12712 | D:10     | Reached skill level 15 in Fighting
 13649 | D:10     | Found a staircase to the Orcish Mines.
 13954 | Lair:1   | Noticed a seven-headed hydra
 14077 | Orc:1    | Entered Level 1 of the Orcish Mines
 14452 | D:9      | Bought a scroll of acquirement for 676 gold pieces
 14453 | D:9      | Acquired the +7 lajatang of Order {silver, rMut}
 14453 | D:9      | Found the +7 lajatang of Order {silver, rMut}
 14554 | Lair:1   | Killed a nine-headed hydra
 14555 | Lair:1   | Reached skill level 1 in Staves
 14555 | Lair:1   | Reached XP level 12. HP: 55/88 MP: 12/12
 15275 | Lair:1   | Noticed Fannar
 15294 | Lair:1   | Killed Fannar
 15317 | Lair:1   | Reached skill level 16 in Fighting
 16030 | Lair:2   | Identified the +7 morningstar of the Spectre {drain, rF+}
 16505 | Lair:2   | Reached skill level 5 in Staves
 16885 | Lair:2   | Noticed a four-headed hydra
 16890 | Lair:2   | Killed a six-headed hydra
 17256 | Lair:3   | Noticed a boulder beetle
 17264 | Lair:2   | Killed a boulder beetle
 17570 | Lair:3   | Reached XP level 13. HP: 93/93 MP: 13/13
 17681 | Lair:3   | Noticed a seven-headed hydra
 17695 | Lair:3   | Killed an 11-headed hydra
 17696 | Lair:3   | Reached skill level 5 in Armour
 17696 | Lair:3   | Noticed a seven-headed hydra
 17772 | Lair:3   | Killed a nine-headed hydra
 17880 | Lair:3   | Found a transporter.
 17880 | Lair:3   | Noticed a four-headed hydra
 18069 | Lair:3   | Found a staircase to the Shoals.
 18151 | Lair:3   | Found a hole to the Spider Nest.
 18210 | Lair:3   | Noticed Konebred's ghost (journeyman GnWn)
 18213 | Lair:3   | Noticed a five-headed hydra
 18808 | Lair:3   | Found a transporter.
 19854 | Lair:2   | Killed an eight-headed hydra
 20050 | Lair:3   | Killed an eight-headed hydra
 20201 | Lair:3   | Killed Konebred's ghost
 20647 | Lair:4   | Noticed Josephine
 20654 | Lair:4   | Killed Josephine
 20955 | Lair:4   | Reached XP level 14. HP: 100/100 MP: 14/14
 21406 | Lair:4   | Reached XP level 15. HP: 104/104 MP: 15/15
 21570 | Lair:4   | Acquired the +12 lajatang "Iguolod" {vorpal, rElec}
 22630 | Lair:5   | Found a viscous altar of Jiyva.
 22631 | Lair:5   | Found a staircase to the Slime Pits.
 23770 | Lair:6   | Entered Level 6 of the Lair of Beasts
 24834 | Lair:6   | Reached skill level 10 in Staves
 25797 | Lair:6   | Found a large runed translucent door.
 25807 | Lair:6   | Found a large runed translucent door.
 26806 | Orc:1    | Noticed an orc warlord
 26843 | D:10     | Killed an orc warlord
 27586 | Orc:2    | Entered Level 2 of the Orcish Mines
 28287 | Orc:2    | Found a staircase to the Elven Halls.
 29002 | Orc:2    | Found a burning altar of Makhleb.
 29262 | Orc:2    | Reached ****** piety under Trog
 29344 | Orc:2    | Reached XP level 16. HP: 87/110 MP: 16/16
 29488 | Orc:2    | Identified the +6 lajatang of Edang {antimagic, rPois}
                  | (Trog gifted it to you on level 2 of the Orcish Mines)
 29488 | Orc:2    | Received a gift from Trog
 30054 | Orc:2    | Found Kussue's Distillery.
 30056 | Orc:2    | Found Oshraf's Distillery.
 30780 | Orc:2    | Found Ypeink's Jewellery Shoppe.
 30780 | Orc:2    | Found Zywketon's Antique Weapon Emporium.
 30788 | Orc:2    | Found a one-way gate leading to the halls of Pandemonium.
 31524 | D:11     | Gained mutation: You sometimes lose the ability to read
                  | scrolls when taking damage. [a neqoxec]
 31951 | D:12     | Found a bloodstained altar of Trog.
 32097 | D:12     | Noticed Kirke
 32115 | D:12     | Killed Kirke
 32716 | D:12     | Found a shadowy altar of Dithmenos.
 33094 | D:12     | Lost mutation: You sometimes lose the ability to read
                  | scrolls when taking damage. [potion of mutation]
 33094 | D:12     | Gained mutation: You have a pair of small horns on your
                  | head. [potion of mutation]
 33094 | D:12     | Gained mutation: You do not regenerate when monsters are
                  | visible. [potion of mutation]
 33094 | D:12     | Gained mutation: You possess an exceptional clarity of
                  | mind. [potion of mutation]
 33095 | D:12     | Lost mutation: You have a pair of small horns on your head.
                  | [potion of mutation]
 33095 | D:12     | Lost mutation: You do not regenerate when monsters are
                  | visible. [potion of mutation]
 33095 | D:12     | Lost mutation: You possess an exceptional clarity of mind.
                  | [potion of mutation]
 33095 | D:12     | Gained mutation: You are clumsy. (Dex -2) [potion of
                  | mutation]
 33095 | D:12     | Gained mutation: You tend to lose your temper in combat.
                  | [potion of mutation]
 33095 | D:12     | Gained mutation: You are very clumsy. (Dex -4) [potion of
                  | mutation]
 33095 | D:12     | Gained mutation: Your muscles are strong. (Str +2) [potion
                  | of mutation]
 33096 | D:12     | Lost mutation: You are very clumsy. (Dex -4) [potion of
                  | mutation]
 33096 | D:12     | Lost mutation: You are clumsy. (Dex -2) [potion of
                  | mutation]
 33096 | D:12     | Gained mutation: Your flesh is cold resistant. (rC+)
                  | [potion of mutation]
 33096 | D:12     | Gained mutation: You are partially covered in large bone
                  | plates. (SH +4) [potion of mutation]
 33097 | D:12     | Lost mutation: Your muscles are strong. (Str +2) [potion of
                  | mutation]
 33097 | D:12     | Lost mutation: Your flesh is cold resistant. (rC+) [potion
                  | of mutation]
 33097 | D:12     | Gained mutation: You sometimes lose the ability to read
                  | scrolls when taking damage. [potion of mutation]
 33210 | D:13     | HP: 3/165 [slime creature (9)]
 34728 | D:14     | Reached skill level 1 in Crossbows
 34758 | D:14     | Received a gift from Trog
 35274 | D:14     | Reached skill level 5 in Crossbows
 35284 | D:14     | Reached XP level 17. HP: 46/115 MP: 17/17
 36812 | D:14     | Found a gate to the Vaults.
 36971 | D:14     | Lost mutation: You tend to lose your temper in combat.
                  | [potion of mutation]
 36971 | D:14     | Lost mutation: You sometimes lose the ability to read
                  | scrolls when taking damage. [potion of mutation]
 36971 | D:14     | Lost mutation: You are partially covered in large bone
                  | plates. (SH +4) [potion of mutation]
 36971 | D:14     | Gained mutation: You have a pair of small horns on your
                  | head. [potion of mutation]
 36971 | D:14     | Gained mutation: You sometimes lose the ability to read
                  | scrolls when taking damage. [potion of mutation]
 36973 | D:14     | Identified the +5 chain mail of Makhleb's Envy {Rampage
                  | Int+3}
 37034 | D:15     | Entered Level 15 of the Dungeon
 37249 | D:15     | Found a staircase to the Depths.
 37678 | D:15     | Reached skill level 10 in Crossbows
 37682 | D:15     | Received a gift from Trog
 37690 | D:15     | Noticed Agnes
 37708 | D:15     | Killed Agnes
 38749 | Shoals:1 | Entered Level 1 of the Shoals
 41693 | Shoals:2 | Killed from afar by a water nymph

Illustrated notes

Levels and vault maps discovered:
D:1:      elethiomel_arrival_quiet, layout_basic,
          amcnicky_mini_rare_corridor_liquid
D:2:      layout_loops_ring, shapermc_ecumenical_altar_gd,
          minmay_split_cup_large
D:3:      layout_basic, lemuel_tele_altar
D:4:      layout_rooms, mainiacjoe_overflow_swirl, ebering_ghost_rock_garden,
          enter_ossuary_5
D:5:      layout_loops_corners, kennysheep_generic_room_6
D:6:      layout_gridville, corexii_corridor_pit, grunt_ministairs_2
D:7:      layout_cave_pools, vehumet_crystals, temple_statues,
          serial_bayou_lagoon_a, uniq_menkaure
D:8:      layout_loops_cross, serial_undead, serial_undead_f, serial_undead_d,
          serial_undead_c, serial_undead_a
D:9:      layout_loops_corners, grunt_lair_entry_orc_guard_hut, serial_shops,
          nicolae_stop_n_shop_2, nicolae_shop_statue_plus, kennysheep_mini_moat,
          solitary_fountain, chequers_serial_rivers_marsh
D:10:     layout_long_grid, david_orc_4
D:11:     layout_cross
D:12:     layout_gridville, hangedman_feature_mirror, drop_trap, the_hattery,
          uniq_kirke
D:13:     layout_irregular_city, nrook_mini_vaults, fungi_pond_lemuel,
          minivault_16, hellmonk_bongcloud_opening, serial_park_tiny_2
D:14:     layout_roguey, david_vaults_1, minmay_the_grid_2x2
          [minmay_the_grid_outer_diamond, minmay_the_grid_minigrid_small,
          minmay_the_grid_small_cups, minmay_the_grid_prize_big_room]
D:15:     grunt_enter_depths_giant_problem, layout_cave_pods,
          minmay_misc_feat_roman, minmay_misc_feat_secret_circle, minivault_16,
          uniq_agnes
Temple:   eino_narrow_crystal_temple
Lair:1:   layout_big_grid, serial_bayou_lake_a, uniq_fannar
Lair:2:   wander_river, layout_chaotic_city, grunt_megastairs_5,
          lemuel_fruit_tree
Lair:3:   layout_gridlike, elwin_shoals_entry_rocks,
          spider_nest_entry_funnel_web, gammafunk_ghost_arena,
          minmay_lair_oklob_chamber
Lair:4:   layout_long_grid, guppyfry_lair_drakes, uniq_josephine
Lair:5:   layout_cave_pods, slime_altar_1, disabler_island
Lair:6:   cheibrodos_lair_end_hotspot, layout_misc_corridors,
          grunt_forest_small_clearing_treed, serial_bayou_shore_b
Shoals:1: layout_shoals
Shoals:2: layout_shoals, nicolae_shoals_nymph_descending_staircase
Orc:1:    layout_caves
Orc:2:    pf_orc_diabolical, layout_diamond_mine, bloody_makhleb

Skill      XL: |  1  2  3  4  5  6  7  8  9 10 11 12 13 14 15 16 17 |
---------------+----------------------------------------------------+-----
Fighting       | 4 5 6 7 8 11 14 15 16 | 16.1
Maces & Flails | 1 2 3 4 6 7 9 |  9.5
Staves         | 1 6 11 12 | 12.9
Armour         | 4 11 13 | 13.3
Crossbows      | 5 13 | 13.2
Short Blades   | |  4.8
Dodging        | |  2.4

Action                   |  1- 3 |  4- 6 |  7- 9 | 10-12 | 13-15 | 16-18 || total
-------------------------+-------+-------+-------+-------+-------+-------++-------
Melee: Short sword       |    64 |       |       |       |       |       ||    64
       Whip              |    20 |   133 |   256 |   115 |       |       ||   524
       Morningstar       |       |       |       |   267 |       |       ||   267
       Lajatang          |       |       |       |   156 |   481 |   656 ||  1293
       Headbutt          |       |       |       |       |       |    62 ||    62
 Fire: Arbalest          |       |       |       |       |       |    10 ||    10
Throw: Boomerang         |       |       |       |       |       |     2 ||     2
       Throwing net      |       |       |       |       |       |     1 ||     1
Invok: Berserk           |       |     6 |    12 |    25 |    31 |    10 ||    84
       Trog's Hand       |       |       |     1 |     4 |     1 |     4 ||    10
       Brothers in Arms  |       |       |       |       |       |     4 ||     4
  Use: Scroll            |       |     9 |     3 |     7 |     5 |     6 ||    30
       Potion            |       |       |       |       |     2 |     7 ||     9
 Stab: Sleeping          |     6 |     2 |       |       |       |       ||     8
Armor: Ring mail         |    28 |    12 |       |       |       |       ||    40
       Plate armour      |       |    62 |   143 |   312 |   257 |    76 ||   850
       Fire dragon scale |       |       |       |       |    64 |   227 ||   291
Dodge: Dodged            |    44 |    65 |    87 |   237 |   249 |   262 ||   944
Block: Other             |       |       |       |    88 |    64 |    21 ||   173
       Reflection        |       |       |       |       |     1 |       ||     1
